 Dungeon Crawl Stone Soup version 0.23.2-33-g5129a83 (webtiles) character file.

Game seed: 14023717223752731115

492 technought the Shield-Bearer (level 7, -2/59 HPs)
             Began as a Gnoll Fighter on Aug 7, 2019.
             Was a Follower of Okawaru.
             Slain by an ogre
             ... wielding a +0 giant spiked club
              (29 damage)
             ... on level 4 of the Dungeon.
             The game lasted 00:05:53 (2265 turns).

technought the Shield-Bearer (Gnoll Fighter)        Turns: 2265, Time: 00:05:53

Health: -2/59      AC: 11    Str: 20    XL:     7   Next: 14%
Magic:  10/10      EV:  9    Int: 11    God:    Okawaru [*.....]
Gold:   179        SH: 11    Dex: 16    Spells: 10/10 levels left

rFire    . . .     SeeInvis .   u - +2 dagger (elec)
rCold    + . .     Gourm    .   c - +0 shield
rNeg     . . .     Faith    .   b - +0 scale mail
rPois    .         Spirit   .   (no helmet)
rElec    .         Reflect  .   (no cloak)
rCorr    .         Harm     .   (no gloves)
MR       .....                  s - +2 pair of boots {Fly}
Stlth    +.........             (no amulet)
HPRegen  0.19/turn              g - ring of protection from cold
MPRegen  0.12/turn              h - +2 ring of dexterity

@: flying, hasted, very quick
A: distributed training, fangs 1, strong nose
a: Heroism, Renounce Religion, Stop Flying


You were on level 4 of the Dungeon.
You worshipped Okawaru.
Okawaru was aware of your devotion.
You were not hungry.

You visited 1 branch of the dungeon, and saw 4 of its levels.

You collected 179 gold pieces.

Inventory:

Hand Weapons
 t - a +0 hunting sling
 u - a +2 dagger of electrocution (weapon)
Armour
 b - a +0 scale mail (worn)
 c - a +0 shield (worn)
 s - a +2 pair of boots of flying (worn)
Jewellery
 g - a ring of protection from cold (left hand)
 h - a +2 ring of dexterity (right hand)
 r - an uncursed ring of positive energy
Scrolls
 e - a scroll of magic mapping
 j - 5 scrolls of remove curse
 l - 2 scrolls of fog
 m - 3 scrolls of identify
 p - a scroll of teleportation
 v - 3 scrolls of blinking
Potions
 d - a potion of might
 i - a potion of heal wounds
 k - 2 potions of curing {unknown}
 n - a potion of magic {unknown}
 o - a potion of haste
 q - 2 potions of flight
Comestibles
 f - 5 rations


   Skills:
 + Level 6.9 Fighting
 + Level 2.2 Short Blades
 + Level 5.1 Long Blades
 + Level 2.2 Axes
 + Level 2.2 Maces & Flails
 + Level 2.2 Polearms
 + Level 2.2 Staves
 + Level 2.2 Slings
 + Level 2.2 Bows
 + Level 2.2 Crossbows
 + Level 2.2 Throwing
 + Level 6.9 Armour
 + Level 2.2 Dodging
 + Level 2.2 Stealth
 + Level 6.9 Shields
 + Level 2.2 Unarmed Combat
 + Level 2.2 Spellcasting
 + Level 1.8 Conjurations
 + Level 1.8 Hexes
 + Level 1.8 Charms
 + Level 1.8 Summonings
 + Level 1.8 Necromancy
 + Level 1.8 Translocations
 + Level 1.8 Transmutations
 + Level 1.8 Fire Magic
 + Level 1.8 Ice Magic
 + Level 1.8 Air Magic
 + Level 1.8 Earth Magic
 + Level 1.8 Poison Magic
 + Level 2.5 Invocations
 + Level 2.2 Evocations


You had 10 spell levels left.
You didn't know any spells.
Your spell library was empty.

Dungeon Overview and Level Annotations

Branches:
Dungeon (4/15)
 Temple: D:4-7

Altars:
Nemelex Xobeh
Okawaru
Trog


Innate Abilities, Weirdness & Mutations

Your experience applies equally to all skills.
You have very sharp teeth.
Your uncanny sense of smell can sniff out nearby items.


Message History

You are too injured to fight recklessly!
You are too injured to fight recklessly!
You are too injured to fight recklessly!
You are too injured to fight recklessly!
You are too injured to fight recklessly!
You are too injured to fight recklessly!
You are too injured to fight recklessly!
You are too injured to fight recklessly!
You are too injured to fight recklessly!
You are too injured to fight recklessly!
You are too injured to fight recklessly!
You are too injured to fight recklessly!
You hit the ogre.
The ogre is lightly wounded.
You block the ogre's attack.
You feel yourself speed up.
You hit the ogre.
The ogre is moderately wounded.
The ogre hits you with a +0 giant spiked club!!
You die...

.. # .# ..# ..
#...## .##
..#...### ..#
........###.#
........O@.(#
.......#.##.#
.........#..#
........##.##
........#..#
.......##.##
#...#..#..#####
###...##.#.......
∆ #..#.......


You could see an ogre.

Vanquished Creatures
  An ice beast (D:3)
  An ogre (D:4)
  A crimson imp (D:4)
  An orc priest (D:3)
  2 orc wizards
  A worker ant (D:4)
  9 adders
  A worm (D:2)
  3 dart slugs
  11 orcs
  2 ball pythons
  7 bats
  3 giant cockroaches
  9 goblins
  10 hobgoblins
  3 quokkas
  A frilled lizard (D:3)
  10 kobolds
  6 rats
82 creatures vanquished.

Notes
Turn   | Place    | Note
-------+----------+-------------------------------------------
     0 | D:1      | technought the Gnoll Fighter began the quest for the Orb.
     0 | D:1      | Reached XP level 1. HP: 23/23 MP: 1/1
    22 | D:1      | Reached XP level 2. HP: 16/29 MP: 2/2
   205 | D:1      | Reached XP level 3. HP: 31/35 MP: 3/3
   571 | D:2      | Reached skill level 1 in Invocations
   584 | D:2      | Reached skill level 1 in Short Blades
   584 | D:2      | Reached skill level 1 in Axes
   584 | D:2      | Reached skill level 1 in Maces & Flails
   584 | D:2      | Reached skill level 1 in Polearms
   584 | D:2      | Reached skill level 1 in Staves
   584 | D:2      | Reached skill level 1 in Slings
   584 | D:2      | Reached skill level 1 in Bows
   584 | D:2      | Reached skill level 1 in Crossbows
   584 | D:2      | Reached skill level 1 in Throwing
   584 | D:2      | Reached skill level 1 in Dodging
   584 | D:2      | Reached skill level 1 in Stealth
   584 | D:2      | Reached skill level 1 in Unarmed Combat
   584 | D:2      | Reached skill level 1 in Spellcasting
   584 | D:2      | Reached skill level 1 in Evocations
   662 | D:2      | Found a faded altar of an unknown god.
   671 | D:2      | Reached XP level 4. HP: 39/41 MP: 5/5
   805 | D:2      | Found a bloodstained altar of Trog.
   805 | D:2      | Found an iron altar of Okawaru.
   813 | D:2      | Became a worshipper of Warmaster Okawaru
  1033 | D:3      | Reached skill level 1 in Conjurations
  1033 | D:3      | Reached skill level 1 in Hexes
  1033 | D:3      | Reached skill level 1 in Charms
  1033 | D:3      | Reached skill level 1 in Summonings
  1033 | D:3      | Reached skill level 1 in Necromancy
  1033 | D:3      | Reached skill level 1 in Translocations
  1033 | D:3      | Reached skill level 1 in Transmutations
  1033 | D:3      | Reached skill level 1 in Fire Magic
  1033 | D:3      | Reached skill level 1 in Ice Magic
  1033 | D:3      | Reached skill level 1 in Air Magic
  1033 | D:3      | Reached skill level 1 in Earth Magic
  1033 | D:3      | Reached skill level 1 in Poison Magic
  1271 | D:3      | Reached XP level 5. HP: 47/47 MP: 6/6
  1459 | D:3      | Found a sparkling altar of Nemelex Xobeh.
  1857 | D:3      | Noticed an ice beast
  1878 | D:3      | Killed an ice beast
  1878 | D:3      | Reached * piety under Okawaru
  1878 | D:3      | Reached XP level 6. HP: 27/53 MP: 8/8
  2044 | D:4      | Reached skill level 5 in Long Blades
  2110 | D:4      | Reached XP level 7. HP: 58/59 MP: 10/10
  2265 | D:4      | Slain by an ogre

Skill      XL: |  1  2  3  4  5  6 |
---------------+-------------------+-----
Invocations    | 1 2 |  2.5
Short Blades   | 1 2 |  2.2
Axes           | 1 2 |  2.2
Maces & Flails | 1 2 |  2.2
Polearms       | 1 2 |  2.2
Staves         | 1 2 |  2.2
Slings         | 1 2 |  2.2
Bows           | 1 2 |  2.2
Crossbows      | 1 2 |  2.2
Throwing       | 1 2 |  2.2
Dodging        | 1 2 |  2.2
Stealth        | 1 2 |  2.2
Unarmed Combat | 1 2 |  2.2
Spellcasting   | 1 2 |  2.2
Evocations     | 1 2 |  2.2
Conjurations   | 1 |  1.8
Hexes          | 1 |  1.8
Charms         | 1 |  1.8
Summonings     | 1 |  1.8
Necromancy     | 1 |  1.8
Translocations | 1 |  1.8
Transmutations | 1 |  1.8
Fire Magic     | 1 |  1.8
Ice Magic      | 1 |  1.8
Air Magic      | 1 |  1.8
Earth Magic    | 1 |  1.8
Poison Magic   | 1 |  1.8
Long Blades    | 5 |  5.1
Fighting       | |  6.9
Armour         | |  6.9
Shields        | |  6.9

Action                   |  1- 3 |  4- 6 |  7- 9 || total
-------------------------+-------+-------+-------++-------
Melee: Long sword        |    85 |   148 |    18 ||   251
       Bite              |    12 |    15 |       ||    27
       Dagger            |       |       |     2 ||     2
  Use: Scroll            |       |     9 |       ||     9
       Potion            |       |     5 |     2 ||     7
  Eat: Chunk             |       |     4 |     1 ||     5
Armor: Scale mail        |    34 |    53 |    15 ||   102
Dodge: Dodged            |    21 |    58 |    17 ||    96
Block: Shield            |    43 |    79 |    16 ||   138
       Rpst.: Long sword |     3 |    17 |     5 ||    25
